Map: 2000 Atmospheres LE

Players

HeroMarine

  • Race: Terran Terran

Serral - Winner!

  • Race: Zerg Zerg

Event: DreamHack SC2 Masters 2021 Fall

VOD

Have the link to the VOD?

Description

Time

  • Played on: Aug. 14, 2021, 11:53 a.m.
  • Length: 7:46

All games in this series

Show
View Real Time Build Order
Export as new Build Order

HeroMarine Terran 

Build Orders: Hellion Opening, Reaper Expand 

Get SALT Encoding   

  12  0:00  SCV  
  13  0:12  SCV  
  14  0:17  Supply Depot  
  14  0:24  SCV  
  15  0:38  SCV  
  15  0:39  Barracks  
  15  0:42  Refinery  
  16  0:51  SCV  
  17  1:03  SCV  
  18  1:15  SCV  
  19  1:26  Reaper  
  19  1:27  Orbital Command  
  20  1:39  Command Center  
  20  1:46  Supply Depot  
  20  1:52  SCV  
  21  1:58  Marine  
  22  2:05  SCV  
  22  2:07  Factory  
  23  2:17  SCV  
  23  2:20  Barracks Reactor  
  24  2:29  SCV  
  25  2:41  SCV, Command Center  
  26  2:52  Orbital Command  
  26  2:53  SCV  
  27  3:00  Hellion x2  
  27  3:05  SCV  
  32  3:09  Starport  
  32  3:16  Refinery  
  32  3:17  SCV  
  32  3:18  SCV  
  34  3:20  Barracks Tech Lab  
  34  3:24  Hellion  
  36  3:28  Hellion  
  36  3:29  SCV  
  36  3:31  SCV  
  40  3:41  SCV  
  40  3:43  SCV  
  40  3:46  Hellion  
  44  3:50  Hellion  
  44  3:53  SCV  
  44  3:54  Orbital Command  
  44  3:55  SCV  
  48  4:00  Raven  
  48  4:01  Supply Depot  
  50  4:06  SCV  
  50  4:07  SCV  
  50  4:09  Hellion  
  54  4:11  Hellion  
  54  4:13  Marine  
  57  4:18  SCV  
  57  4:19  SCV  
  57  4:22  SCV  
  57  4:24  Supply Depot  
  60  4:30  SCV  
  60  4:31  SCV, Hellion  
  63  4:32  Barracks Tech Lab  
  63  4:33  Hellion  
  63  4:34  SCV  
  65  4:42  SCV  
  65  4:43  SCV  
  63  4:49  Barracks  
  63  4:51  Orbital Command  
  63  4:52  Refinery, Starport Reactor  
  61  4:53  Refinery  
  61  4:54  Barracks  
  61  4:56  Marine, Engineering Bay, Stimpack  
  61  4:57  Engineering Bay  
  61  4:58  SCV  
  61  4:59  SCV  
  63  5:05  Factory Reactor  
  63  5:10  SCV  
  63  5:11  SCV  
  63  5:13  Barracks  
  65  5:14  Marine, Barracks  
  65  5:18  Supply Depot, SCV  
  65  5:19  Supply Depot  
  67  5:23  SCV x2  
  67  5:27  Terran Infantry Armor Level 1, Terran Infantry Weapons Level 1  
  69  5:30  SCV  
  69  5:33  Marine  
  69  5:35  SCV x2  
  73  5:43  SCV  
  73  5:47  SCV x2  
  73  5:49  Supply Depot  
  76  5:51  Supply Depot  
  76  5:52  Marine x3, Supply Depot  
  76  5:53  Marine, Factory Reactor  
  76  5:55  SCV, Medivac x2  
  76  5:56  Supply Depot  
  85  5:58  Marine  
  85  5:59  SCV  
  85  6:00  SCV  
  88  6:04  Barracks Reactor x2  
  88  6:07  SCV, Supply Depot  
  88  6:10  Marine x4  
  93  6:13  SCV x2  
  93  6:16  Marine  
  96  6:19  SCV  
  96  6:25  SCV x2  
  99  6:27  Refinery  
  99  6:28  Marine x4, Refinery  
  99  6:30  Factory  
  99  6:31  SCV  
  104  6:34  Medivac x2  
  108  6:41  Marine x2, SCV x2, Armory, Supply Depot  
  108  6:42  Supply Depot  
  108  6:43  Marine  
  108  6:44  Marine  
  108  6:45  Marine  
  108  6:46  Marine  
  116  6:52  Marine x2  
  116  6:53  Marine  
  119  6:56  Widow Mine x2  
  119  7:00  Marine, Sensor Tower  
  124  7:02  Marine x2  
  126  7:16  Marine  
  126  7:20  Marine x5  
  126  7:21  Widow Mine x2  
  140  7:22  Missile Turret  
  140  7:24  Missile Turret  
  140  7:25  Marine  
  140  7:28  Marine  
  140  7:31  SCV x3  
Show
View Real Time Build Order
Export as new Build Order

Serral Zerg - Winner!

Build Orders: Hatch First, Muta Ling Bane 

Get SALT Encoding   

  12  0:00  Drone  
  13  0:11  Overlord  
  13  0:16  Drone  
  14  0:30  Drone x2  
  16  0:46  Hatchery  
  15  0:50  Drone  
  15  0:53  Drone  
  17  0:57  Drone  
  18  1:08  Extractor  
  17  1:12  Spawning Pool  
  17  1:15  Drone  
  17  1:18  Drone  
  18  1:27  Drone  
  19  1:38  Drone  
  20  1:48  Drone  
  21  1:59  Queen x2  
  21  2:00  Zergling x4  
  27  2:09  Overlord  
  27  2:11  Drone  
  28  2:21  Hatchery  
  27  2:25  Drone  
  28  2:32  Drone x3  
  31  2:37  Metabolic Boost  
  31  2:45  Queen  
  31  2:50  Overlord  
  33  2:53  Drone  
  33  2:54  Drone  
  33  2:56  Drone  
  36  3:02  Overlord  
  36  3:09  Drone x4  
  40  3:14  Drone  
  40  3:18  Queen  
  43  3:20  Drone  
  43  3:24  Queen  
  46  3:30  Drone x2  
  46  3:33  Drone  
  49  3:35  Queen  
  49  3:38  Overlord  
  49  3:41  Drone x2  
  52  3:46  Zergling x4  
  52  3:47  Drone  
  56  3:49  Drone  
  57  3:55  Overlord  
  57  3:56  Baneling Nest  
  57  4:00  Zergling x2  
  57  4:02  Drone x3  
  60  4:07  Zergling x2, Overlord  
  60  4:08  Drone  
  62  4:10  Drone x2  
  62  4:12  Drone x2  
  62  4:15  Overlord  
  66  4:20  Queen  
  66  4:21  Drone  
  69  4:28  Zergling x4  
  69  4:29  Drone  
  71  4:33  Lair, Extractor  
  69  4:43  Drone x6  
  69  4:47  Drone x3  
  69  4:48  Drone  
  69  4:52  Drone  
  74  4:54  Extractor x2  
  74  4:58  Drone x2  
  74  5:00  Spore Crawler  
  74  5:02  Spore Crawler, Extractor, Drone  
  74  5:03  Extractor  
  74  5:04  Spore Crawler  
  74  5:06  Drone  
  71  5:09  Drone  
  71  5:13  Drone  
  73  5:17  Zergling x2  
  73  5:18  Drone  
  73  5:20  Drone x6  
  81  5:22  Hatchery  
  81  5:24  Drone  
  81  5:32  Overlord  
  81  5:33  Overlord  
  81  5:34  Spire  
  81  5:35  Drone  
  81  5:37  Centrifical Hooks  
  81  5:39  Overlord  
  81  5:41  Overlord  
  81  5:51  Zergling x6  
  81  5:52  Drone x5  
  81  5:54  Drone x2  
  91  6:00  Drone x2  
  91  6:03  Overlord  
  93  6:04  Drone x2  
  93  6:07  Overlord  
  93  6:08  Zergling x4  
  93  6:10  Overseer  
  97  6:18  Zergling x4  
  99  6:28  Zergling x16  
  99  6:32  Overlord  
  107  6:39  Overlord  
  107  6:46  Baneling x5, Mutalisk x8  
  121  6:50  Baneling  
  121  6:51  Baneling x3  
  123  6:54  Mutalisk  
  123  6:56  Zergling x8  
  123  6:57  Zergling x6  
  132  7:04  Baneling x2  
  132  7:05  Baneling x6  
  132  7:06  Baneling  
  132  7:07  Zergling x10  
  137  7:10  Evolution Chamber x2  
  131  7:21  Drone x9  
  137  7:33  Drone x4  

Tags
 
Add a new tag
Caveats
  • Supply blocks, unpowered buildings, or Contaminate may cause inaccurate times.
  • Supply counts are checked every 10 seconds.